 Dungeon Crawl Stone Soup version 0.29.1-15-g9cfb28693d (webtiles) character file.

Game seed: 15588145265148208108

17383 turnipcat1 the Prestidigitator (level 12, -11/106 HPs)
             Began as a Pale Draconian Artificer on Mar 16, 2023.
             Was a Believer of Qazlal.
             Mangled by a skeletal warrior
             ... wielding a +0 battleaxe
              (17 damage)
             ... on level 12 of the Dungeon on Mar 17, 2023.
             The game lasted 01:05:11 (11171 turns).

turnipcat1 the Prestidigitator (DrAr)              Turns: 11171, Time: 01:05:11

Health: -11/106    AC:  9    Str: 17    XL:     12   Next: 18%
Magic:  12/12      EV: 15    Int: 18    God:    Qazlal [**....]
Gold:   6          SH:  2    Dex: 12    Spells: 11/11 levels left

rFire   . . .      SeeInvis .   q - +12 pair of quick blades "Gyre" and "Gimble" {protect}
rCold   . . .      Faith    .   (shield currently unavailable)
rNeg    . . .      Spirit   .   (body armour unavailable)
rPois   +          Reflect  .   (helmet restricted)
rElec   .          Harm     .   i - +0 cloak
rCorr   .          Rampage  .   (no gloves)
Will    .....                   (no boots)
Stlth   ++++......              K - amulet of Dawn {Regen+ Int+4}
HPRegen 1.07/turn               N - ring of poison resistance
MPRegen 0.13/turn               (no ring)

@: no status effects
A: breathe steam, AC +8, unfitting armour, cold-blooded, steam resistance
a: Breathe Steam, Renounce Religion, Upheaval


You were on level 12 of the Dungeon.
You worshipped Qazlal.
Qazlal was pleased with you.
You visited 2 branches of the dungeon, and saw 13 of its levels.

You collected 777 gold pieces.
You spent 771 gold pieces at shops.

Inventory:

Hand Weapons
 q - the +12 pair of quick blades "Gyre" and "Gimble" (weapon) {protect}
   (You found it on level 2 of the Dungeon)

   It grants its wielder temporary protection when it strikes (+7 to AC).
 C - a +0 sling
 H - a +2 short sword of draining
 S - a +4 rapier of venom
 W - a +3 battleaxe
 X - a +2 dire flail
 Y - a +3 hand axe
Missiles
 t - 23 poisoned darts
 E - 2 throwing nets (quivered)
 Q - a curare-tipped dart
Armour
 i - a +0 cloak (worn)
 w - a +0 buckler
 R - +0 steam dragon scales
Magical Staves
 L - a staff of fire
Jewellery
 I - an amulet of the acrobat
 K - the amulet of Dawn (around neck) {Regen+ Int+4}
   (You bought it in a shop on level 11 of the Dungeon)

   [amulet of regeneration]

   Int:       It affects your intelligence (+4).
   Regen:     It increases your rate of health regeneration.
 M - an amulet of faith
 N - a ring of poison resistance (left hand)
 T - a ring of poison resistance
Wands
 b - a wand of flame (40)
 c - a wand of charming (3)
 V - a wand of acid (2)
 Z - a wand of iceblast (7)
Scrolls
 a - a scroll of enchant armour {unknown}
 d - 4 scrolls of poison
 g - 2 scrolls of immolation {unknown}
 j - 3 scrolls of vulnerability
 k - a scroll of fear {unknown}
 m - 4 scrolls of butterflies
 n - 2 scrolls of summoning {unknown}
 o - a scroll of acquirement {unknown}
 r - 6 scrolls of teleportation
 u - a scroll of noise {unknown}
 A - a scroll of enchant weapon {unknown}
 B - 4 scrolls of amnesia
 G - a scroll of magic mapping {unknown}
 U - a scroll of silence {unknown}
Potions
 e - 2 potions of lignification
 f - a potion of haste {unknown}
 l - a potion of cancellation {unknown}
 p - a potion of magic {unknown}
 s - 3 potions of brilliance
 v - 4 potions of might
 x - 2 potions of degeneration
 z - a potion of flight
 D - 3 potions of mutation
 F - 2 potions of attraction
 O - a potion of berserk rage {unknown}
 P - a potion of invisibility {unknown}


   Skills:
 + Level 10.2 Fighting
 - Level 8.0 Short Blades
 + Level 8.9 Dodging
 + Level 9.3 Stealth
 + Level 10.8 Evocations


You had 11 spell levels left.
You didn't know any spells.
Your spell library contained the following spells:

 Spells                   Type           Power      Damage    Failure   Level
 Static Discharge         Conj/Air       0%         3-3/arc   32%         2
 Mephitic Cloud           Conj/Pois/Air  0%         N/A       54%         3
 Flame Wave               Conj/Fire      0%         2d4       91%         4
 Hailstorm                Conj/Ice       0%         3d3       91%         4
 Ice Form                 Ice/Tmut       0%         N/A       91%         4
 Simulacrum               Ice/Necr       0%         N/A       100%        6
 Starburst                Conj/Fire      0%         6d3       100%        6


Dungeon Overview and Level Annotations

Branches:
Dungeon (12/15)            Temple (1/1) D:4            Lair (0/5) D:9
    Orc (0/2) D:12

Altars:
Ashenzari
Cheibriados
Dithmenos
Elyvilon
Fedhas
Gozag
Hepliaklqana
Kikubaaqudgha
Makhleb
Nemelex Xobeh
Okawaru
Qazlal
Ru
Sif Muna
Trog
Uskayaw
Vehumet
Wu Jian
Xom
Yredelemnul
Zin
The Shining One

Shops:
D:8 (   D:11 =

Annotations:
D:10 2 transporters, Seidenschwarz's ghost, journeyman MiFi


Innate Abilities, Weirdness & Mutations

You can breathe blasts of scalding, opaque steam.
Your pale cyan-grey scales are hard. (AC +8)
You cannot fit into any form of body armour.
You are cold-blooded and may be slowed by cold attacks.
You are immune to the effects of steam.


Message History

Throw: 3 throwing nets
Press: ? - help, Q - select action, (/) - cycle Shift-Dir - straight line, f - skeletal warrior, p - skeletal warrior
Aim: a skeletal warrior, wielding a +0 glaive (lightly damaged, 63% to hit)
You throw a throwing net.
The throwing net hits the skeletal warrior.
The skeletal warrior is caught in the net!
The skeletal warrior is lightly damaged.
The skeletal warrior struggles against the net.
The skeletal warrior hits you with a +0 battleaxe!
* * * LOW HITPOINT WARNING * * *
The skeletal warrior struggles against the net.
The skeletal warrior struggles against the net.
Blink to where?
Press: ? - help, Q - select action, (/) - cycle Dir - move target, p - skeletal warrior A troll comes into view.
As you read the scroll of blinking, it crumbles to dust.
The troll shouts!
Blink to where?
Press: ? - help, Q - select action, (/) - cycle Dir - move target
As you read the scroll of blinking, it crumbles to dust.
You open the door.
There is an open door here.
You closely miss the troll. x2
You puncture the troll!
Your weapon exudes an aura of protection.
You puncture the troll! You hit the troll. You puncture the troll!
You hit the troll. You puncture the troll!
You kill the troll!
Qazlal accepts your kill.
The troll leather armour is intact enough to wear.
There is an open door, spattered with blood here.
Things that are here:
a +0 troll leather armour; a troll corpse The skeletal warrior barely misses you.
You block the skeletal warrior's attack.
The skeletal warrior hits you with a +0 battleaxe!!
* * * LOW HITPOINT WARNING * * *
The skeletal warrior hits you with a +0 battleaxe!
You die...

#### ####...#
.......#
#####......#
#.☼@#......#
#.z.#......#
#...#......#
#...[......#
##+##........
.........
##..#####.
#..# #..#


You could see a skeletal warrior.

Vanquished Creatures
  Gastronok (D:11)
  Josephine (D:12)
  A boulder beetle (D:11)
  A hydra (D:11)
  A two-headed ogre (D:12)
  A death yak (D:9)
  A skeletal warrior (D:9)
  Lodul (D:11)
  An ugly thing (D:12)
  2 deep elf pyromancers
  An elephant (D:9)
  The ghost of boopmooplesden the Slasher, a novice MiBe of Trog (D:5)
  2 unseen horrors (D:12)
  A kobold demonologist (D:12)
  A troll (D:12)
  Grinder (D:3)
  A vampire (D:10)
  2 wyverns
  18 yaks (D:9)
  2 steam dragons
  4 wraiths (D:12)
  A basilisk (D:9)
  4 vampire mosquitoes (D:12)
  Menkaure (D:7)
  An acid dragon (D:11)
  3 water moccasins
  2 ice beasts
  A black bear (D:9)
  5 orc warriors
  7 ogres
  3 centaurs
  4 phantoms
  2 kobold brigands
  5 bullfrogs
  A necrophage (D:5)
  A gnoll sergeant (D:7)
  10 wights
  3 howler monkeys (D:7)
  5 hounds
  2 jellies
  5 orc priests
  Terence (D:3)
  6 iguanas
  10 orc wizards
  2 hound zombies (D:3)
  4 gnolls (D:7)
  8 adders
  3 river rats (D:5)
  2 shadow imps (D:7)
  3 white imps
  An ufetubus (D:6)
  An adder zombie (D:3)
  2 dart slugs
  42 orcs
  5 ball pythons
  7 bats
  4 endoplasms
  8 giant cockroaches
  11 goblins
  5 hobgoblins
  5 jackals
  14 kobolds
  6 quokkas
  3 frilled lizards
  A quokka zombie (D:3)
  5 rats
  A plant (D:9)
271 creatures vanquished.

Vanquished Creatures (collateral kills)
  An orc priest (D:8)
  An orc wizard (D:8)
2 creatures vanquished.

Vanquished Creatures (others)
  A shadow (D:12)
  A wight (D:9)
  2 orcs
  A kobold (D:8)
5 creatures vanquished.

Grand Total: 278 creatures vanquished

Notes
Turn   | Place    | Note
-------+----------+-------------------------------------------
     0 | D:1      | turnipcat1 the Draconian Artificer began the quest for the
                  | Orb.
     0 | D:1      | Reached XP level 1. HP: 16/16 MP: 1/1
    28 | D:1      | Reached skill level 1 in Stealth
    42 | D:1      | Reached XP level 2. HP: 23/23 MP: 2/2
   312 | D:1      | Found a faded altar of an unknown god.
   325 | D:1      | Prayed at the altar of an unknown god.
   325 | D:1      | Became a worshipper of Ru the Awakened
   949 | D:2      | Reached XP level 3. HP: 21/29 MP: 3/3
  1201 | D:2      | Found a stormy altar of Qazlal.
  1212 | D:2      | Fell from the grace of Ru
  1212 | D:2      | Became a worshipper of Qazlal Stormbringer
  1486 | D:2      | Reached XP level 4. HP: 35/36 MP: 4/4
  1695 | D:2      | Found the +12 pair of quick blades "Gyre" and "Gimble"
                  | {protect}
  1869 | D:3      | Reached XP level 5. HP: 42/42 MP: 5/5
  1926 | D:3      | Found a sparkling altar of Nemelex Xobeh.
  2020 | D:3      | Reached * piety under Qazlal
  2111 | D:3      | Found a basalt altar of Yredelemnul.
  2151 | D:3      | Noticed Grinder
  2155 | D:3      | Paralysed by Grinder for 4 turns
  2161 | D:3      | Paralysed by Grinder for 2 turns
  2178 | D:3      | Killed Grinder
  2179 | D:3      | Reached XP level 6. HP: 51/51 MP: 6/6
  2306 | D:3      | Noticed Terence
  2309 | D:3      | Killed Terence
  2892 | D:4      | Found a staircase to the Ecumenical Temple.
  2900 | D:4      | Reached skill level 1 in Short Blades
  2900 | D:4      | Your scales start taking on a pale cyan-grey colour.
  2900 | D:4      | Reached skill level 5 in Evocations
  2900 | D:4      | Reached XP level 7. HP: 58/59 MP: 7/7
  2900 | D:4      | Gained mutation: You are immune to the effects of steam.
                  | [Pale Draconian growth]
  2908 | Temple   | Entered the Ecumenical Temple
  2957 | D:4      | Reached ** piety under Qazlal
  3005 | D:4      | Identified the +0 robe of Lust {Stlth+}
  3348 | D:5      | Entered Level 5 of the Dungeon
  3436 | D:5      | Found a runed translucent door.
  3437 | D:5      | Noticed boopmooplesden's ghost (novice MiBe)
  3447 | D:5      | Killed boopmooplesden's ghost
  3448 | D:5      | Reached XP level 8. HP: 64/67 MP: 8/8
  3456 | D:5      | Found a runed translucent door.
  3497 | D:5      | Reached skill level 5 in Fighting
  3617 | D:5      | Found a hazy altar of Hepliaklqana.
  4123 | D:6      | Reached skill level 5 in Dodging
  4176 | D:6      | Reached skill level 5 in Stealth
  4716 | D:6      | Found an ancient bone altar of Kikubaaqudgha.
  4831 | D:6      | Found a stormy altar of Qazlal.
  4833 | D:6      | Noticed an air elemental
  5033 | D:7      | Reached XP level 9. HP: 74/75 MP: 5/9
  5187 | D:7      | Found an ornate altar of the Wu Jian Council.
  5188 | D:7      | Found a glowing golden altar of the Shining One.
  5369 | D:7      | Found a burning altar of Makhleb.
  5575 | D:7      | Noticed Menkaure
  5577 | D:7      | Killed Menkaure
  5765 | D:7      | Found a flagged portal.
  5856 | D:7      | Reached skill level 5 in Short Blades
  6106 | D:7      | Found a hide-covered altar of Uskayaw.
  6808 | D:8      | Found Qohihiy's Antique Weapon Boutique.
  6846 | D:8      | Reached XP level 10. HP: 86/86 MP: 10/10
  7484 | D:9      | Noticed an elephant
  7675 | D:9      | Noticed a gargoyle
  7726 | D:9      | Noticed a death yak
  7751 | D:9      | Killed a death yak
  7789 | D:9      | Killed an elephant
  7835 | D:9      | Found a staircase to the Lair.
  8084 | D:9      | Reached XP level 11. HP: 75/95 MP: 11/11
  8136 | D:9      | Noticed a skeletal warrior
  8158 | D:9      | Killed a skeletal warrior
  8352 | D:9      | Got the Secrets of Combative Venin
  8663 | D:10     | Entered Level 10 of the Dungeon
  8906 | D:10     | Found a shimmering blue altar of Sif Muna.
  9033 | D:10     | Noticed Seidenschwarz's ghost (journeyman MiFi)
  9044 | D:10     | Found a transporter.
  9077 | D:10     | Found a transporter.
  9185 | D:10     | Found a sacrificial altar of Ru.
  9185 | D:10     | Found a snail-covered altar of Cheibriados.
  9337 | D:10     | Found Otuq's Distillery.
  9486 | D:11     | Noticed Gastronok
  9501 | D:11     | Killed Gastronok
  9600 | D:11     | Noticed a boulder beetle
  9624 | D:11     | Killed a boulder beetle
  9733 | D:11     | Noticed an eight-headed hydra
  9739 | D:11     | Killed an eight-headed hydra
  9769 | D:11     | Found Bomeoff's Jewellery Shoppe.
  9816 | D:11     | Noticed Lodul
  9824 | D:11     | Noticed a deep elf pyromancer
  9834 | D:11     | Killed Lodul
  9835 | D:11     | Reached skill level 10 in Evocations
  9862 | D:11     | Killed a deep elf pyromancer
 10632 | D:12     | Noticed a red ugly thing
 10659 | D:12     | Killed a red ugly thing
 10785 | D:11     | Bought the amulet of Dawn {Regen+ Int+4} for 771 gold
                  | pieces
 10817 | D:12     | Noticed a deep elf pyromancer
 10844 | D:12     | Killed a deep elf pyromancer
 10910 | D:12     | Noticed Josephine
 10918 | D:12     | Killed Josephine
 10921 | D:12     | Reached XP level 12. HP: 84/106 MP: 12/12
 10932 | D:12     | Reached skill level 10 in Fighting
 10999 | D:12     | Noticed a two-headed ogre
 11006 | D:12     | Killed a two-headed ogre
 11116 | D:12     | Found a staircase to the Orcish Mines.
 11170 | D:12     | HP: 5/106 [skeletal warrior/+0 battleaxe (25)]
 11171 | D:12     | Mangled by a skeletal warrior

Illustrated notes

Levels and vault maps discovered:
D:1:      dpeg_arrival_refuge, layout_basic, shapermc_ecumenical_altar_pompeii
D:2:      layout_loops_cross, basic_altar
D:3:      layout_basic, nemelex_diamond_rough_becter,
          nicolae_yredelemnul_corpse_copse, amcnicky_mini_corridor_feature,
          uniq_grinder, uniq_terence
D:4:      layout_basic, minmay_temple_entry_drinking_statues
D:5:      layout_basic, mainiacjoe_overflow_concentric_impassable,
          ebering_ghost_sewer_f
D:6:      layout_loops_ring, general_overflow_altar,
          nicolae_qazlal_style_of_elements
D:7:      layout_loops_corners, nicolae_uskayaw_dance_studio,
          mainiacjoe_overflow_boulevard, grunt_temple_overflow_open,
          enter_bailey_5, uniq_menkaure
D:8:      layout_basic, serial_shops, shop_fountains
D:9:      layout_basic, david_lair_generic, small_chamber_with_monster,
          lightli_corner_chamber
D:10:     layout_loops_ring, gammafunk_temple_overflow_wave, led_sif_pool,
          gammafunk_ghost_berserking_beasts, serial_shops,
          nicolae_lakefront_shop
D:11:     layout_loops_ring, serial_shops, nicolae_shop_trees, uniq_lodul,
          uniq_gastronok
D:12:     layout_irregular_city, orc_0_dummy, uniq_josephine
Temple:   hellmonk_temple_micro_hex

Skill      XL: |  1  2  3  4  5  6  7  8  9 10 11 12 |
---------------+-------------------------------------+-----
Stealth        | 1 2 3 4 5 6 7 9 |  9.3
Fighting       | 2 3 4 5 7 8 9 10 | 10.2
Dodging        | 3 4 5 6 7 8 |  8.9
Evocations     | 4 5 6 8 9 10 | 10.8
Short Blades   | 1 2 4 5 6 8 |  8.0

Action                   |  1- 3 |  4- 6 |  7- 9 | 10-12 || total
-------------------------+-------+-------+-------+-------++-------
Melee: Club              |    11 |       |       |       ||    11
       Short sword       |   117 |     6 |       |       ||   123
       Tailslap          |    18 |     5 |    17 |    60 ||   100
       Punch             |     2 |       |       |       ||     2
       Pair of quick bla |       |    65 |   160 |   260 ||   485
Throw: Dart              |       |     3 |     2 |       ||     5
       Throwing net      |       |       |     3 |     1 ||     4
Invok: Upheaval          |       |       |     9 |    13 ||    22
 Abil: Breathe Steam     |       |       |    18 |    26 ||    44
Evoke: Wand              |     1 |    12 |    13 |     9 ||    35
  Use: Scroll            |       |       |     5 |    11 ||    16
       Potion            |       |       |     1 |     5 ||     6
 Stab: Sleeping          |     4 |     1 |       |       ||     5
       Held in net/web   |       |       |     2 |       ||     2
Armor: Skin              |    49 |    33 |    32 |    42 ||   156
Dodge: Dodged            |    85 |    57 |    68 |   109 ||   319
Block: Other             |       |       |     9 |    13 ||    22
